 Dungeon Crawl Stone Soup version 0.31-a0-1469-gd420192249 (webtiles) character file.

Game seed: 6026340384483965486

4136 jasper the Destroyer (level 9, -2/72 HPs)
             Began as a Demigod Conjurer on Dec 28, 2023.
             Slain by a wolf (9 damage)
             ... on level 8 of the Dungeon.
             The game lasted 00:11:14 (6251 turns).

jasper the Destroyer (Demigod Conjurer)             Turns: 6251, Time: 00:11:15

Health: -2/72      AC:  4    Str: 14    XL:     9   Next: 79%
Magic:  5/20       EV: 13    Int: 32    God:
Gold:   548        SH:  0    Dex: 12    Spells: 3/18 levels left

rFire   + . .        p - +0 rapier
rCold   + . .        (no shield)
rNeg    . . .        e - +1 leather armour
rPois   .            (no helmet)
rElec   .            r - scarf {rC+ rF+}
rCorr   .            (no gloves)
SInv    .            (no boots)
Will    .....        g - amulet of magic regeneration
Stlth   ++           E - +6 ring of strength
HPRegen 0.32/turn    (no ring)
MPRegen 0.57/turn

%: no passive effects
@: no status effects
A: high MP 1, forlorn, divine attributes
a: no special abilities


You were on level 8 of the Dungeon.
You visited 1 branch of the dungeon, and saw 8 of its levels.
You also visited: Sewer.

You collected 548 gold pieces.

Inventory:

Hand Weapons
 c - a +1 whip of flaming
 k - a +0 trident
 p - a +0 rapier (weapon)
 J - a +3 falchion
Missiles
 f - 10 boomerangs
Armour
 a - a +0 robe
 e - a +1 leather armour (worn)
 r - a scarf of resistance (worn)
Jewellery
 g - an amulet of magic regeneration (around neck)
 x - an amulet of guardian spirit
 E - a +6 ring of strength (left hand)
 H - a ring of fire
Wands
 s - a wand of polymorph (4)
 t - a wand of flame (28)
 D - a wand of roots (10)
 I - a wand of digging (4)
Scrolls
 d - a scroll of blinking
 h - 3 scrolls of teleportation
 i - 2 scrolls of fear
 l - a scroll of noise
 n - 2 scrolls of enchant armour
 B - 2 scrolls of identify
Potions
 b - a potion of magic
 j - a potion of brilliance
 m - a potion of cancellation {unknown}
 o - a potion of curing
 q - a potion of heal wounds {unknown}
 u - 2 potions of attraction
 v - a potion of mutation {unknown}
 z - 2 potions of degeneration {unknown}
 A - a potion of might {unknown}
 C - a potion of ambrosia {unknown}
 F - a potion of enlightenment {unknown}
 G - a potion of invisibility {unknown}


   Skills:
 + Level 4.6 Fighting
 + Level 4.5 Armour
 + Level 5.0 Dodging
 - Level 1.7 Stealth
 - Level 5.0 Spellcasting
 - Level 8.0 Conjurations
 - Level 3.0 Translocations
 - Level 3.0 Air Magic
 - Level 3.0 Alchemy


You had 3 spell levels left.
You knew the following spells:

 Your Spells              Type           Power      Damage    Failure   Level
a - Magic Dart            Conj           100%       1d8       1%          1
b - Searing Ray           Conj           100%       2d8       1%          2
c - Fulminant Prism       Conj/Alch      21%        3d12      6%          4
d - Iskenderun's Mystic   Conj/Tloc      43%        2d10      6%          4
e - Swiftness             Air            27%        N/A       5%          3
f - Apportation           Tloc           54%        N/A       1%          1

Your spell library contained the following spells:

 Spells                   Type           Power      Damage    Failure   Level
 Shock                    Conj/Air       100%       1d9       1%          1
 Jinxbite                 Hex            16%        N/A       10%         2
 Volatile Blastmotes      Fire/Tloc      34%        2d12      10%         3
 Airstrike                Air            13%        2d(2-18)  19%         4
 Alistair's Intoxication  Alch           18%        N/A       45%         5


Dungeon Overview and Level Annotations

Branches:
Dungeon (8/15)             Temple (0/1) D:6           Sewer (visited)
   Lair: D:8-11


Innate Abilities, Weirdness & Mutations

You have an increased reservoir of magic. (+10% MP)
You shall have no god before yourself.
Your divine heritage dramatically boosts your attributes as you level up.


Message History

Confirm with . or Enter, or press ? or * to list all spells.
You erupt in a blast of force!
The mystic blast hits the ice beast!
You kill the ice beast!
A wolf comes into view.
You now have 3/20 mp.
A wolf is nearby!
The wolf howls!
Aiming: Fastroot
Press: ? - help, Shift-Dir - straight line, f - wolf
Aim: a wolf The roots erupt in riotous growth!
Roots grab the wolf.
The grasping roots constrict the wolf.
The wolf struggles to escape constriction.
The grasping roots constrict the wolf.
The wolf escapes!
Aiming: Fastroot
Press: ? - help, Shift-Dir - straight line, f/p - wolf
Aim: a wolf (moderately wounded)
Okay, then.
You closely miss the wolf.
The wolf is moderately wounded.
The wolf bites you.
* * * LOW HITPOINT WARNING * * *
The wolf misses you.
You take 2 damage, and have 14/72 hp.
Casting: Iskenderun's Mystic Blast (dangerous; 6% risk of failure)
Confirm with . or Enter, or press ? or * to list all spells.
Aiming: Searing Ray (safe; 1% risk of failure)
Press: ? - help, Shift-Dir - straight line, f/p - wolf
Aim: a wolf (moderately wounded, 72% to hit)
The searing ray misses the wolf. (Press . to maintain the ray.)
You hear the steady creaking of a very distant portcullis.
The wolf bites you but does no damage. The wolf bites you!
* * * LOW HITPOINT WARNING * * *
You take 7 damage, and have 7/72 hp.
You now have 6/20 mp.
The searing ray hits the wolf!
The wolf is severely wounded.
The wolf bites you!
You die...

#.#.# #+# #.#.# #.#
#.#.# #.# #.#.# # #.#
#.#[# #.#.# #.#.#
#####.#.####.#.######
.......@.....>......#
####>.#h####.#.####.#
## #...#.# #.#.# #.#
.#.#..#.#.# #.#.# #.#
...... #.#.####.#.#
#.#
#......##..<.....#.#
#.#
.y............####.#
#.# #.#....~.....+
... #.# .
#.....~.....# ### #.#


You could see a wolf.

Vanquished Creatures
  Pikel (D:7)
  A rime drake (D:8)
  2 water moccasins
  An orc warrior (D:7)
  A black bear (D:7)
  A sky beast (D:7)
  3 ice beasts
  A wolf (D:8)
  A crocodile (Sewer)
  2 ogres
  2 centaurs
  A lemure (D:7)
  A phantom (D:5)
  3 bullfrogs
  A kobold brigand (D:6)
  A scorpion (D:6)
  5 wights (D:8)
  8 killer bees
  4 howler monkeys
  2 bombardier beetles
  5 hounds
  4 orc priests
  2 gnoll boudas
  A jelly (D:6)
  An iguana (D:5)
  2 sleepcaps
  6 orc wizards
  16 adders
  8 gnolls
  2 river rats
  A shadow imp (D:7)
  2 worms (D:2)
  19 orcs
  12 endoplasms
  5 giant cockroaches
  2 goblins
  4 hobgoblins
  8 jackals
  3 quokkas
  9 ball pythons
  3 bats
  11 frilled lizards
  9 kobolds
  9 rats
186 creatures vanquished.

Vanquished Creatures (others)
  8 fulminant prisms
8 creatures vanquished.

Grand Total: 194 creatures vanquished

Notes
Turn   | Place    | Note
-------+----------+-------------------------------------------
     0 | D:1      | jasper the Demigod Conjurer began the quest for the Orb.
     0 | D:1      | Reached XP level 1. HP: 14/14 MP: 5/5
   405 | D:1      | Reached skill level 4 in Conjurations
   500 | D:1      | Reached XP level 2. HP: 20/20 MP: 5/7
   503 | D:1      | Learned a level 2 spell: Searing Ray
  1144 | D:2      | Reached XP level 3. HP: 26/26 MP: 5/8
  1361 | D:2      | Reached skill level 5 in Conjurations
  1587 | D:2      | Reached XP level 4. HP: 33/33 MP: 9/9
  1925 | D:3      | Reached skill level 6 in Conjurations
  1925 | D:3      | Reached XP level 5. HP: 38/38 MP: 7/10
  1930 | D:3      | Learned a level 4 spell: Fulminant Prism
  2264 | D:4      | Reached skill level 1 in Alchemy
  2310 | D:4      | Reached XP level 6. HP: 38/45 MP: 6/11
  2343 | D:4      | Found a glowing drain.
  2350 | Sewer    | Entered a sewer
  2545 | D:4      | Reached skill level 7 in Conjurations
  3053 | D:4      | Reached XP level 7. HP: 50/50 MP: 8/13
  3135 | D:4      | Learned a level 4 spell: Iskenderun's Mystic Blast
  3273 | D:5      | Entered Level 5 of the Dungeon
  3331 | D:5      | Reached skill level 1 in Translocations
  4106 | D:6      | Found a staircase to the Ecumenical Temple.
  4153 | D:6      | Reached XP level 8. HP: 51/57 MP: 13/17
  4157 | D:6      | Learned a level 3 spell: Swiftness
  4461 | D:6      | Reached skill level 8 in Conjurations
  4496 | D:6      | Reached skill level 1 in Air Magic
  4735 | D:7      | Learned a level 1 spell: Apportation
  4868 | D:7      | Reached skill level 5 in Spellcasting
  5044 | D:7      | Reached skill level 1 in Fighting
  5044 | D:7      | Reached skill level 1 in Armour
  5193 | D:7      | Noticed Pikel
  5205 | D:7      | Killed Pikel
  5206 | D:7      | Reached XP level 9. HP: 36/68 MP: 11/20
  6207 | D:8      | Noticed a rime drake
  6216 | D:8      | Killed a rime drake
  6229 | D:8      | Noticed a boulder beetle
  6238 | D:7      | Reached skill level 5 in Dodging
  6251 | D:8      | Slain by a wolf

Illustrated notes

Levels and vault maps discovered:
D:1:      ncdulo_smallfort, layout_basic
D:2:      layout_basic, chequers_ecumenical_altar_twisty, minmay_lizard_pond
D:3:      layout_rooms
D:4:      layout_loops_cross, portal_sewer_entry_b, nicolae_half_adder
D:5:      layout_cave_pools, hangedman_abyss_or_decor_lesser_grid
D:6:      layout_loops_cross, nicolae_overflow_squiral, temple_statues
D:7:      hellmonk_crumbling_castle, layout_cave_pools, marbit_many_paths,
          serial_park_tiny_1, uniq_pikel
D:8:      layout_basic, hellmonk_lair_entry_icy, enter_bailey_4,
          minmay_crystal_water

Skill      XL: |  1  2  3  4  5  6  7  8  9 |
---------------+----------------------------+-----
Conjurations   | 4 5 6 7 8 |  8.0
Alchemy        | 1 2 3 |  3.0
Spellcasting   | 2 3 5 |  5.0
Translocations | 2 3 |  3.0
Air Magic      | 3 |  3.0
Dodging        | 3 5 |  5.0
Fighting       | 2 4 |  4.6
Armour         | 2 4 |  4.5
Stealth        | |  1.7

Action                     |  1- 3 |  4- 6 |  7- 9 || total
---------------------------+-------+-------+-------++-------
  Melee: Whip              |       |    10 |       ||    10
         Rapier            |       |       |    19 ||    19
   Cast: Magic Dart        |    81 |    96 |    99 ||   276
         Searing Ray       |     4 |    17 |    35 ||    56
         Iskenderun's Myst |       |       |    15 ||    15
         Fulminant Prism   |       |       |     8 ||     8
  Evoke: Wand              |       |       |     1 ||     1
    Use: Scroll            |     3 |     5 |     3 ||    11
         Potion            |       |       |     4 ||     4
   Stab: Sleeping          |       |     1 |       ||     1
 Armour: Leather armour    |     2 |    22 |    73 ||    97
  Dodge: Dodged            |     2 |    21 |    69 ||    92

Table legend: (Time is in decaauts)
 A = Elapsed time spent in this place.
 B = Non-inter-level travel time spent in this place.
 C = Inter-level travel time spent in this place.
 D = Time resting spent in this place.
 E = Time spent auto-exploring this place.
 F = Levels seen in this place.
 G = Mean time per level.
                   A        B        C        D        E       F      G
               +--------+--------+--------+--------+--------+-----+--------+
         Total |   6271 |   6054 |    217 |    225 |   4863 |   9 |  696.8 |
       Dungeon |   6099 |   5882 |    217 |    225 |   4730 |   8 |  762.4 |
         Sewer |    172 |    172 |      0 |      0 |    133 |   1 |  172.0 |
               +--------+--------+--------+--------+--------+-----+--------+

Top non-repeatable levels by time:
     D:7: 1197 daAuts
     D:1: 1125 daAuts
     D:4: 987 daAuts
     D:6: 751 daAuts
     D:2: 653 daAuts
     D:5: 546 daAuts
     D:3: 484 daAuts
     D:8: 351 daAuts
   Sewer: 172 daAuts
